 Dungeon Crawl Stone Soup version 0.29-a0-334-gb41bcbb86e (webtiles) character file.

Game seed: 10954013698675583762

142 spaghetti the Conjurer (level 5, -9/31 HPs)
             Began as an Octopode Conjurer on Apr 14, 2022.
             Was a Believer of Sif Muna.
             Mangled by an iguana (10 damage)
             ... on level 3 of the Dungeon.
             The game lasted 00:04:49 (2989 turns).

spaghetti the Conjurer (Octopode Conjurer)          Turns: 2989, Time: 00:04:49

Health: -9/31      AC:  1    Str:  6    XL:     5   Next: 25%
Magic:  0/8        EV: 13    Int: 22    God:    Sif Muna [**....]
Gold:   109        SH:  0    Dex: 11    Spells: 1/8 levels left

rFire   + . .      SeeInvis .   F - staff of fire {!astaff}
rCold   . . .      Faith    .   (no shield)
rNeg    . . .      Spirit   .   (helmet restricted)
rPois   .          Reflect  .   (no amulet)
rElec   .          Harm     .   (no ring)
rCorr   .          Rampage  .   (no ring)
Will    .....                   (no ring)
Stlth   +++.......              (no ring)
HPRegen 0.10/turn               (no ring)
MPRegen 0.11/turn               (no ring)
                                (no ring)
                                (no ring)

@: no status effects
A: almost no armour, amphibious, 8 rings, camouflage 1, gelatinous body 1,
(nimble swimmer 1), tentacles
a: Renounce Religion, Channel Magic


You were on level 3 of the Dungeon.
You worshipped Sif Muna.
Sif Muna was pleased with you.
You visited 1 branch of the dungeon, and saw 3 of its levels.

You collected 109 gold pieces.


Innate Abilities, Weirdness & Mutations

You cannot wear most types of armour.
You are amphibious.
You can wear up to eight rings at the same time.
Your skin changes colour to match your surroundings (Stealth+).
Your rubbery body absorbs attacks. (AC +1, EV +1)
((You are camouflaged when in or above water. (Stealth+)))
You have tentacles for arms and can constrict up to eight enemies at once.


   Skills:
 + Level 3.1 Dodging
 - Level 2.6 Stealth
 - Level 2.0 Spellcasting
 + Level 5.0 Conjurations
 * Level 2.9 Invocations


You had one spell level left.
You knew the following spells:

 Your Spells              Type           Power      Damage    Failure   Level
a - Magic Dart            Conj           96%        1d7       1%          1
b - Searing Ray           Conj           48%        2d6       2%          2
c - Iskenderun's Mystic   Conj/Tloc      13%        2d5       43%         4

Your spell library contained the following spells:

 Spells                   Type           Power      Damage    Failure   Level
 Beastly Appendage        Tmut           4%         N/A       14%         1
 Dazzling Flash           Conj/Hex       26%        N/A       14%         3
 Wereblood                Tmut           2%         N/A       21%         2
 Spider Form              Tmut/Pois      2%         N/A       38%         3
 Fulminant Prism          Conj/Hex       6%         3d7       43%         4

Inventory:

Hand Weapons
 e - a +0 club {mace}
   (You took it off a goblin on level 1 of the Dungeon)
 g - a +0 hand axe {axe}
   (You found it on level 1 of the Dungeon)
 l - a +0 dagger {short}
   (You took it off a goblin on level 1 of the Dungeon)
 m - a +0 hunting sling {sling}
   (You found it on level 1 of the Dungeon)
 q - a +0 hunting sling {sling}
   (You found it on level 1 of the Dungeon)
 s - a +0 dagger {short}
   (You took it off a goblin on level 2 of the Dungeon)
 t - a +0 war axe {axe}
   (You found it on level 2 of the Dungeon)
 u - a +0 short sword {short}
   (You found it on level 2 of the Dungeon)
 v - a +0 dagger {short}
   (You took it off a kobold on level 2 of the Dungeon)
 x - a +0 short sword {short}
   (You took it off a kobold on level 2 of the Dungeon)
 E - a +5 mace of holy wrath {mace}
   (You took it off Terence on level 3 of the Dungeon)
Missiles
 j - 3 curare-tipped darts {=fthrowing}
 p - 109 stones {throwing}
Magical Staves
 F - a staff of fire (weapon) {!astaff}
   (You found it on level 3 of the Dungeon)
Scrolls
 b - a scroll of magic mapping {unknown}
 f - 3 scrolls of identify {unknown}
 i - a scroll of silence {unknown}
 r - 2 scrolls of blinking {unknown}
 w - a scroll of summoning {unknown}
 y - 2 scrolls of vulnerability {unknown}
 A - a scroll of brand weapon {unknown}
 B - a scroll of holy word {unknown}
 C - a scroll of teleportation {unknown}
 D - a scroll of amnesia {unknown}
 G - a scroll of enchant weapon {unknown}
Potions
 a - a potion of magic
 c - 2 potions of mutation {unknown}
 d - 2 potions of haste {unknown}
 h - a potion of heal wounds {unknown}
 k - 3 potions of curing {unknown}
 n - a potion of flight {unknown}
 o - 2 potions of lignification {unknown}
 z - a potion of cancellation {unknown}

Dungeon Overview and Level Annotations

Branches:
Dungeon (3/15)

Altars:
Sif Muna

Shops:
D:3

(
#.#......###.#.######.##.###..###
#.#...##.###..........##.###.....
# ...........######.##..##.....
#.#.##..### #.###.##..... #)..##
#.# #.##..... ##.#.## #.#
#.##..... ##.#.## #.# #.##.....
##.#.## ##.###..#..... ##.#@#
#.............
##.#l###.####.#..... ##.#.##.#
#..#.... #.#.### ##.#.... #.#.#
#...### #.#.# ##.)# #.# ... #. >.


You could see an iguana.


Message History

Press: ? - help, Shift-Dir - straight line, f/p - hobgoblin
Aim: a hobgoblin (almost dead, 100% to hit)
The magic dart hits the hobgoblin.
You kill the hobgoblin!
Sif Muna accepts your kill. 😎 MP[-1]
You lost 1 mp, and now have 4/8 mp.
Key pressed, stopping explore.
Found an escape hatch in the ceiling. 😎 MP[+4]
Your mp is fully restored (8).
Things that are here:
a +0 dagger {short}; a +0 hunting sling {sling}; a goblin corpse An iguana comes into view.
The iguana hisses angrily.
An iguana is nearby!
An iguana is nearby!
Casting: Magic Dart (safe; 1% risk of failure)
Confirm with . or Enter, or press ? or * to list all spells.
Aiming: Magic Dart (safe; 1% risk of failure)
Press: ? - help, Shift-Dir - straight line, f - iguana
Aim: an iguana (100% to hit)
The magic dart hits the iguana. 😎 MP[-1]
You lost 1 mp, and now have 7/8 mp.
Casting: Magic Dart (safe; 1% risk of failure)
Confirm with . or Enter, or press ? or * to list all spells.
Aiming: Magic Dart (safe; 1% risk of failure)
Press: ? - help, Shift-Dir - straight line, f/p - iguana
Aim: an iguana (lightly wounded, 100% to hit)
The magic dart hits the iguana. 😎 MP[-1]
You lost 1 mp, and now have 6/8 mp.
Casting: Magic Dart (safe; 1% risk of failure)
Confirm with . or Enter, or press ? or * to list all spells.
Aiming: Magic Dart (safe; 1% risk of failure)
Press: ? - help, Shift-Dir - straight line, f/p - iguana
Aim: an iguana (moderately wounded, 100% to hit)
The magic dart hits the iguana. 😎 MP[-1]
You lost 1 mp, and now have 5/8 mp.
Casting: Magic Dart (safe; 1% risk of failure)
Confirm with . or Enter, or press ? or * to list all spells.
Aiming: Searing Ray (safe; 2% risk of failure)
Press: ? - help, Shift-Dir - straight line, f/p - iguana
Aim: an iguana (moderately wounded, 82% to hit)
The searing ray misses the iguana. (Press . to maintain the ray.) 😎 MP[-2]
You lost 2 mp, and now have 3/8 mp.
Casting: Searing Ray (safe; 2% risk of failure)
Confirm with . or Enter, or press ? or * to list all spells.
Restarting spell: Searing Ray (safe; 2% risk of failure)
Press: ? - help, Shift-Dir - straight line, f/p - iguana
Aim: an iguana (moderately wounded, 82% to hit)
The searing ray hits the iguana. (Press . to maintain the ray.) 😎 MP[-2]
You lost 2 mp, and now have 1/8 mp.
The searing ray hits the iguana but does no damage.
The iguana barely misses you. 😎 MP[-1]
You lost 1 mp, and now have 0/8 mp.
Without enough magic to sustain it, your searing ray dissipates.
The iguana bites you! 😮 HP[-10]
You take 10 damage, and now have 21/31 hp.
MASSIVE DAMAGE!! (PAUSE)
Casting: Searing Ray (safe; 2% risk of failure)
Confirm with . or Enter, or press ? or * to list all spells.
You don't have enough magic to cast this spell.
You aren't carrying any items that you can evoke.
Really attack while wielding your staff of fire {!astaff}?
You barely miss the iguana. You grab the iguana. You constrict the iguana.
The iguana bites you.
* * * LOW HITPOINT WARNING * * *
😨 HP[-6]
You take 6 damage, and now have 15/31 hp.
You barely miss the iguana.
You constrict the iguana, but do no damage.
The iguana hisses menacingly.
The iguana bites you.
* * * LOW HITPOINT WARNING * * *
😨 HP[-1] MP[+1]
You take 1 damage, and now have 14/31 hp.
Casting: Searing Ray (safe; 2% risk of failure)
Confirm with . or Enter, or press ? or * to list all spells.
Aiming: Magic Dart (safe; 1% risk of failure)
Press: ? - help, Shift-Dir - straight line, f/p - iguana
Aim: an iguana (severely wounded, constricted by you, 100% to hit)
The magic dart hits the iguana.
You constrict the iguana. The iguana bites you!
* * * LOW HITPOINT WARNING * * *
😱 HP[-7] MP[-1]
You take 7 damage, and now have 7/31 hp.
MASSIVE DAMAGE!! (PAUSE)
You lost 1 mp, and now have 0/8 mp.
You hit the iguana. You constrict the iguana. The iguana bites you!
* * * LOW HITPOINT WARNING * * *
The iguana bites you!
You die...

Skill      XL: |  1  2  3  4 |
---------------+-------------+-----
Invocations    | 1 2 |  2.9
Dodging        | 3 |  3.1
Conjurations   | 5 |  5.0
Stealth        | |  2.6
Spellcasting   | |  2.0

Action                   |  1- 3 |  4- 6 || total
-------------------------+-------+-------++-------
Melee: Unarmed           |     8 |       ||     8
       Constrict         |     3 |     2 ||     5
       Tentacles         |     3 |     1 ||     4
       Short sword       |       |     6 ||     6
       Mace              |       |     1 ||     1
       Staff             |       |     3 ||     3
 Cast: Magic Dart        |    57 |    49 ||   106
       Searing Ray       |     1 |     5 ||     6
Invok: Channel Magic     |       |     2 ||     2
Armor: Skin              |       |     3 ||     3
Dodge: Dodged            |     6 |    15 ||    21

Levels and vault maps discovered:
D:1:      co_arrival_square_in_a_square_in_a_square, layout_loops_corners,
          ebering_ecumenical_altar_box
D:2:      layout_basic
D:3:      minmay_inner_zag, layout_basic, serial_shops, shop,
          chequers_serial_rivers_micro_a, uniq_terence

Notes
Turn   | Place    | Note
-------+----------+-------------------------------------------
     0 | D:1      | spaghetti the Octopode Conjurer began the quest for the
                  | Orb.
     0 | D:1      | Reached XP level 1. HP: 11/11 MP: 3/3
     0 | D:1      | magus.rc [v1.9.6]
   215 | D:1      | Reached XP level 2. HP: 17/17 MP: 3/5
   572 | D:1      | Learned a level 2 spell: Searing Ray
   662 | D:1      | You pick up a book of Changes and begin reading...
   662 | D:1      | You add the spells Beastly Appendage, Wereblood and Spider
                  | Form to your library.
   797 | D:1      | Found a faded altar of an unknown god.
  1097 | D:1      | Prayed at the altar of an unknown god.
  1097 | D:1      | Became a worshipper of Sif Muna the Loreminder
  1097 | D:1      | Reached * piety under Sif Muna
  1291 | D:2      | Reached XP level 3. HP: 21/21 MP: 0/6
  1544 | D:2      | Reached skill level 1 in Invocations
  2000 | D:2      | Reached XP level 4. HP: 27/27 MP: 2/7
  2005 | D:2      | Learned a level 4 spell: Iskenderun's Mystic Blast
  2253 | D:3      | Found Miexet's Weapon Boutique.
  2418 | D:3      | Reached ** piety under Sif Muna
  2421 | D:3      | Reached skill level 2 in Invocations
  2450 | D:3      | Noticed Terence
  2468 | D:3      | Killed Terence
  2751 | D:3      | Reached skill level 3 in Dodging
  2753 | D:3      | Reached skill level 5 in Conjurations
  2754 | D:3      | Reached XP level 5. HP: 25/31 MP: 6/8
  2988 | D:3      | HP: 7/31 [iguana (7)]
  2989 | D:3      | HP: 1/31 [iguana (7)]
  2989 | D:3      | Mangled by an iguana

Vanquished Creatures
  Terence (D:3)
  An orc wizard (D:3)
  2 adders (D:2)
  A worm (D:2)
  2 dart slugs
  4 orcs (D:3)
  4 ball pythons
  5 bats
  4 endoplasms
  A giant cockroach (D:1)
  7 goblins
  13 hobgoblins
  3 jackals (D:3)
  A quokka (D:2)
  4 frilled lizards
  2 kobolds (D:2)
  5 rats
60 creatures vanquished.

Table legend:
 A = Non-vault XP
 B = Vault XP
 C = Vault XP percentage of total XP
 D = Non-vault monster count
 E = Vault monster count
 F = Vault count percentage of total count
                 A         B        C        D         E       F
            +---------+---------+-------+---------+---------+-------
      Total |     168 |      36 |  17.6 |      59 |       1 |   1.7
            +---------+---------+-------+---------+---------+-------
        D:1 |      30 |       0 |   0.0 |      18 |       0 |   0.0
        D:2 |      59 |       0 |   0.0 |      18 |       0 |   0.0
        D:3 |      79 |      36 |  31.3 |      23 |       1 |   4.2
            +---------+---------+-------+---------+---------+-------

Illustrated notes

Table legend:
 A = Kills in this place as a percentage of kills in entire the game.
 B = Kills by you in this place as a percentage of kills by you in the entire game.
 C = Kills by friends in this place as a percentage of kills by friends in the entire game.
 D = Other kills in this place as a percentage of other kills in the entire game.
 E = Experience gained in this place as a percentage of experience gained in the entire game.
 F = Experience gained in this place divided by the number of levels of this place that you have seen.
                   A       B       C       D       E      F
               +-------+-------+-------+-------+-------+----------------------
         Total | 100.0 | 100.0 |   N/A |   N/A | 100.0 |  68.0
       Dungeon | 100.0 | 100.0 |   N/A |   N/A | 100.0 |  68.0
               +-------+-------+-------+-------+-------+----------------------

Table legend: (Time is in decaauts)
 A = Elapsed time spent in this place.
 B = Non-inter-level travel time spent in this place.
 C = Inter-level travel time spent in this place.
 D = Time resting spent in this place.
 E = Time spent auto-exploring this place.
 F = Levels seen in this place.
 G = Mean time per level.
                   A        B        C        D        E       F      G
               +--------+--------+--------+--------+--------+-----+--------+
         Total |   2989 |   2878 |    111 |    191 |   2369 |   3 |  996.3 |
       Dungeon |   2989 |   2878 |    111 |    191 |   2369 |   3 |  996.3 |
               +--------+--------+--------+--------+--------+-----+--------+

Top non-repeatable levels by time:
     D:1: 1254 daAuts
     D:2: 1000 daAuts
     D:3: 735 daAuts
